Marko, neutral male gnomish Archeologist ---- |..---------- .-- |..........^I ..| ----.-------- ...--.-----------------|...|--.-- .......................|--.--...| .......--...--.-------.- -......| ....... ...........| ....... .....--............--- ........ ..........%..........| ...- -....................| ...--- --.%--...............-- .....| |..|---......--......--- .---.--- ---- |.....--|........-- |.^.| --...-- |--.......| ---.-- ---.--- --.........-- ---.*| |...| |...........| --...>| --.--- --......--..| |<..-- |...| |.....------ |..- --.-- ---.--- ---- --- --- Marko the Field Worker Experience level: 3 Strength: 11 Dexterity: 9 Constitution: 18 Intelligence: 15 Wisdom: 15 Charisma: 8 Health: 0(34) Energy: 12(12) Def: 1 Gold: 154 Moves: 831 Dungeon seed: yM67wmXPq3R5-t5K Game ID: Marko_1466194949 Your Inventory: Coins $ - 154 gold pieces Weapons a - a blessed +2 bullwhip (weapon in hand) l - a cursed -1 orcish dagger Armor e - an uncursed +0 leather jacket (being worn) n - an uncursed +0 fedora (being worn) r - an uncursed +0 splint mail y - an uncursed +0 orcish helm Comestibles b - 2 uncursed food rations Scrolls g - an uncursed scroll of earth Potions k - an uncursed potion of sleeping Tools c - a +0 pick-axe (alternate weapon; not wielded) d - a tinning kit (0:66) f - an uncursed sack m - an expensive camera (0:31) Gems q - an uncursed touchstone Spells and supernatural/magical abilities: Name Level Category Fail Memory W - pray for help -- divine ? -- Your skills at the end: Fighting Skills wands [Basic] Weapon Skills pick-axe [Basic] whip [Basic] Spellcasting Skills Final Attributes: You were piously aligned. You were blinded. You had infravision. You were stealthy. You were fast. You are dead. Vanquished creatures: 2 coyotes a yellow mold a red mold 2 garter snakes a gecko a fox a goblin 2 sewer rats 6 grid bugs 2 lichens a kobold zombie 3 newts 23 creatures vanquished. Voluntary challenges: You followed a strict vegan diet. You were an atheist. You used a wielded weapon 28 times, starting on turn 65. You were illiterate. You never genocided any monsters. You never polymorphed an object. You never changed form. You used no wishes. You never split a pudding. You never wrote Elbereth's name. You never violated your personal moral code. Dungeon overview: The Dungeons of Doom: levels 1 to 3 Level 1 a fountain a long staircase Level 2 Level 3 stairs to The Gnomish Mines The Gnomish Mines: Level 4 <- You were here stairs to The Dungeons of Doom History has recorded: On T:1 you entered the Dungeons of Doom to retrieve the Amulet of Yendor! On T:133 you reached level 2 of The Dungeons of Doom. On T:243 you reached level 3 of The Dungeons of Doom. On T:436 you advanced to experience level 2. On T:443 you reached level 1 of The Gnomish Mines. On T:621 you advanced to experience level 3. Score breakdown: Gold: 154 ( 7450 points) Experience: 3 levels ( 7878 points) Exploration: 4 levels ( 8.70%) ( 7745 points) Discoveries: 0 items ( 0.00%) ( 0 points) Valuables value: (no points given unless you survive) Artifact value: 0 ( 0 points) Variety of kills: 12 monsters ( 3.13%) ( 5310 points) Turncount: 831 turns ( 0 points) Survival: died (score multiplied by 80%) Total score: 22706 Latest messages: You don't feel so weak now. You finish eating the food ration. The giant bat bites! You hit the giant bat. You are momentarily blinded by a flash of light! It bites! You kill it! You attack thin air. You can't see! (You can feel around with 'grope', typically on ^G.) You hear a deafening roar! You can't see! (You can feel around with 'grope', typically on ^G.) There is a magic trap here. You try to feel what is lying here on the floor. You feel no objects here. It bites! (2x) There is a magic trap here. You try to feel what is lying here on the floor. You feel no objects here. It bites! You die... The sack is empty. The sack is empty. Final status: Goodbye Marko the Archeologist, killed by a giant bat... You died in The Gnomish Mines on dungeon level 4 with 22706 points, and 154 pieces of gold, after 831 moves. You were level 3 with a maximum of 34 hit points when you died.